 Dungeon Crawl Stone Soup version 0.24-a0-462-ge24419a6ad (webtiles) character file.

Game seed: 15817311357240844222

174011 Craser22 the Executioner (level 17, -6/231 HPs)
             Began as a Minotaur Berserker on June 29, 2019.
             Was the Champion of Trog.
             Mangled by the 27-headed Lernaean hydra (11 damage)
             ... on level 3 of the Swamp on July 1, 2019.
             The game lasted 03:11:30 (28703 turns).

Craser22 the Executioner (Minotaur Berserker)      Turns: 28703, Time: 03:11:31

Health: -6/231     AC: 30    Str: 32    XL:     17   Next: 44%
Magic:  16/16      EV: 14    Int:  4    God:    Trog [******]
Gold:   1307       SH:  3    Dex: 16    Spells: 16/16 levels left

rFire    . . .     SeeInvis .   a - +2 executioner's axe (distort)
rCold    . . .     Gourm    .   (shield currently unavailable)
rNeg     . . .     Faith    .   R - +1 plate armour "Qinos" {*Contam Regen+ Str+4 Slay+2}
rPois    +         Spirit   .   S - +0 hat
rElec    .         Reflect  +   K - +0 cloak
rCorr    .         Harm     .   F - +0 pair of gloves
MR       +++..                  A - +1 pair of boots
Stlth    ..........             q - amulet "Caawecis" {Reflect MR+ SH+3}
HPRegen  0.88/turn              P - ring of Robustness {AC+8}
MPRegen  0.15/turn              r - ring "Yfemil" {rPois MR+}

@: berserking, very quick
A: retaliatory headbutt, horns 2
a: Berserk, Trog's Hand, Brothers in Arms, Renounce Religion


You were on level 3 of the Swamp.
You worshipped Trog.
Trog was exalted by your worship.
You were near starving.

You visited 4 branches of the dungeon, and saw 27 of its levels.
You also visited: Ossuary and Bailey.

You collected 2860 gold pieces.
You spent 1553 gold pieces at shops.


Innate Abilities, Weirdness & Mutations

You reflexively headbutt those who attack you in melee.
You have a pair of horns on your head.


   Skills:
 + Level 14.5 Fighting
 - Level 26.0 Axes
 + Level 13.2 Armour
 + Level 9.0 Dodging


You had 16 spell levels left.
You didn't know any spells.
Your spell library was empty.

Inventory:

Hand Weapons
 a - a +2 executioner's axe of distortion (weapon)
 e - the cursed +0 war axe of Deflation {drain, rPois SInv, unknown} A truly terrible weapon, it drains the life of those it strikes. It protects you from poison. It lets you see invisible. It has a curse placed upon it.
 s - a +8 battleaxe of chopping
 u - a cursed -1 whip
Missiles
 i - 37 boomerangs (quivered)
 k - 4 throwing nets {=f}
 n - 2 boomerangs of dispersal {=f}
 x - 7 curare-tipped darts {=f}
Armour
 d - a +1 ring mail of cold resistance
 A - a +1 pair of boots (worn)
 F - a +0 pair of gloves (worn)
 K - a +0 cloak (worn)
 O - +0 acid dragon scales
 R - the +1 plate armour "Qinos" (worn) {*Contam Regen+ Str+4 Slay+2}

   It affects your strength (+4).
   It affects your accuracy and damage with ranged weapons and melee attacks
   (+2).
   It causes magical contamination when unequipped.
   It increases your rate of regeneration.
 S - a +0 hat (worn)
 X - +0 fire dragon scales
Jewellery
 b - an uncursed ring of protection from magic
 q - the amulet "Caawecis" (around neck) {Reflect MR+ SH+3}

   [amulet of reflection]

   It shields you and reflects attacks.
   It affects your resistance to hostile enchantments.
   It affects your SH (+3).
 r - the ring "Yfemil" (right hand) {rPois MR+}

   [ring of poison resistance]

   It protects you from poison.
   It affects your resistance to hostile enchantments.
 v - an uncursed ring of fire
 H - an uncursed ring of protection from cold
 I - an uncursed ring of protection from cold
 N - an uncursed ring of protection from fire
 P - the ring of Robustness (left hand) {AC+8}

   [ring of protection]

   It affects your AC (+8).
 Q - an uncursed ring of resist corrosion
Scrolls
 f - 4 scrolls of silence {!r}
 g - 12 scrolls of remove curse
 l - 16 scrolls of teleportation {@r4}
 m - 8 scrolls of fog
 o - 4 scrolls of immolation {unknown}
 t - 3 scrolls of blinking {unknown}
 y - a scroll of torment {unknown}
 z - 4 scrolls of magic mapping
 D - 2 scrolls of fear {unknown}
 E - 3 scrolls of acquirement {unknown}
Potions
 h - 3 potions of agility
 j - 14 potions of curing {@q1}
 p - 8 potions of heal wounds {@q2}
 B - 3 potions of lignification {!q}
 C - a potion of ambrosia
 G - 3 potions of haste {@q3}
 J - 2 potions of flight
 T - a potion of resistance
 V - a potion of brilliance
 W - 2 potions of invisibility
 Y - 2 potions of might
Miscellaneous
 M - a lightning rod (4/4)
Comestibles
 c - 36 rations

Dungeon Overview and Level Annotations

Branches:
Dungeon (15/15)            Temple (0/1) D:4            Lair (6/6) D:9
  Swamp (4/4) Lair:3       Spider (0/4) Lair:2        Slime (0/5) Lair:5
    Orc (2/2) D:9             Elf (0/3) Orc:2        Vaults (0/5) D:14
 Depths (0/5) D:15

Altars:
Ashenzari
Elyvilon
Fedhas
Gozag
Makhleb
Nemelex Xobeh
Okawaru
Qazlal
Ru
Trog
Zin
The Shining One
Beogh
Jiyva

Shops:
D:4 !   D:5 [   D:7 !   D:10 =   D:15 *   Orc:2 *[=(

Annotations:
D:10 ele eel, 2 exclusions
Lair:5 1 runed translucent door - acid blobs, exclusion: 2 oklob plants
Swamp:3 Lernaean hydra
Abyss:1 Frances

♣♣♣♣..≈.≈.≈≈♣♣♣♣≈≈.≈≈≈≈≈≈≈♣♣
♣
♣♣≈≈≈≈.≈..≈.♣♣♣≈≈..≈≈≈≈.≈.♣♣
♣
♣≈≈≈.....≈≈♣♣♣..≈≈.≈..≈#.♣♣
♣♣
♣≈≈....≈..♣♣♣..≈≈≈.≈≈≈≈≈♣♣
♣≈ ♣≈≈♣.≈≈≈≈♣♣♣...≈≈≈.≈≈≈<♣♣
♣≈ ≈≈≈≈.≈≈.♣♣♣♣....♣≈≈≈...♣
♣. ≈≈...♣≈.♣ ♣..♣♣....≈≈≈♣♣
♣≈ ♣♣♣♣..#♣♣ ♣♣...D≈≈♣≈.♣♣
♣≈ ♣♣♣..♣♣♣ ♣.≈≈.H≈≈..♣ ♣≈
.≈♣.♣♣ ♣♣≈≈≈DD≈.♣♣ ♣♣ ♣≈..♣
♣.≈≈♣...♣ ♣ ♣♣..♣
♣♣♣..≈≈≈..♣♣ ♣ ♣♣.♣♣
♣♣♣♣..≈.≈≈≈≈≈.♣ ♣ ♣♣.♣
♣♣♣.♣.≈.≈..≈≈≈.♣♣ ♣
..≈♣♣♣..≈..≈..≈.≈≈≈.♣ ♣
..≈♣..≈♣..≈...≈...≈≈♣ ♣♣
▒......≈..≈≈.....≈≈.♣♣ ♣.


You could see the 27-headed Lernaean hydra, a seven-headed hydra and a
five-headed hydra.


Message History

Unknown command.
Unknown command.
Unknown command.
Unknown command.
Unknown command.
Unknown command.
Use which ability? (? or * to list)
A red film seems to cover your vision as you go berserk!
You feel yourself moving faster!
You feel mighty!
You are near starving!
The five-headed hydra bites you but does no damage.
The five-headed hydra misses you.
The five-headed hydra bites you but does no damage.
The five-headed hydra bites you!
* * * LOW HITPOINT WARNING * * *
The five-headed hydra completely misses you.
The 27-headed Lernaean hydra misses you.
The 27-headed Lernaean hydra closely misses you.
The 27-headed Lernaean hydra bites you!
* * * LOW HITPOINT WARNING * * *
The 27-headed Lernaean hydra bites you but does no damage.
The 27-headed Lernaean hydra bites you.
* * * LOW HITPOINT WARNING * * *
The 27-headed Lernaean hydra closely misses you.
The 27-headed Lernaean hydra barely misses you.
The 27-headed Lernaean hydra bites you.
* * * LOW HITPOINT WARNING * * *
The 27-headed Lernaean hydra bites you!
You die...

Action                   |  1- 3 |  4- 6 |  7- 9 | 10-12 | 13-15 | 16-18 || total
-------------------------+-------+-------+-------+-------+-------+-------++-------
Melee: Hand axe          |    85 |   122 |   306 |       |       |       ||   513
       Headbutt          |    16 |    16 |    82 |   107 |   208 |   117 ||   546
       Battleaxe         |       |       |    60 |   345 |       |       ||   405
       Executioner's axe |       |       |       |   135 |   889 |   443 ||  1467
       Unarmed           |       |       |       |       |     2 |    16 ||    18
Throw: Stone             |     9 |       |       |       |       |       ||     9
       Boomerang         |       |       |       |     5 |    79 |     4 ||    88
Invok: Berserk           |       |     1 |     3 |     8 |     5 |     6 ||    23
  Use: Scroll            |       |     2 |     5 |     3 |     3 |     9 ||    22
       Potion            |       |       |     7 |     5 |     2 |       ||    14
 Stab: Invisible         |       |       |       |     1 |       |       ||     1
       Confused          |       |       |       |       |       |     1 ||     1
  Eat: Chunk             |     2 |     5 |    12 |    29 |    33 |    10 ||    91
       Ration            |       |       |     1 |     2 |       |     3 ||     6
Armor: Ring mail         |    20 |    24 |    64 |    72 |       |       ||   180
       Plate armour      |       |       |       |   121 |   566 |   286 ||   973
Dodge: Dodged            |    45 |    60 |    87 |   202 |   316 |   200 ||   910
Block: Other             |       |       |       |       |    35 |    36 ||    71
       Reflection        |       |       |       |       |     3 |       ||     3

Levels and vault maps discovered:
D:1:      onia_arrival_mini_spirals, layout_basic
D:2:      layout_loops_ring, ebering_dispersal_statue_hall,
          minmay_goblin_outpost
D:3:      layout_loops_ring, grunt_qazlal_sundering
D:4:      layout_basic, chequers_temple_overflow_statue_of_worship,
          temple_fountains, first_ration, serial_shops, shop, uniq_duvessa,
          uniq_edmund
D:5:      layout_cave_pools, nicolae_ossuary_entry_catacombs,
          gup_sewer_entry_spiral, serial_shops, kennysheep_little_box,
          skrybe_limestone_x
D:6:      layout_loops_ring, marbit_many_paths, nrook_mini_backslash,
          serial_bayou_lagoon_b
D:7:      layout_loops_ring, serial_shops, shop, uniq_harold
D:8:      layout_cave_pools, minitemple, okawaru_gym_becter
D:9:      layout_stronghold, due_lair_maze_entry_diamond, david_orc_2,
          grunt_pizzeria
D:10:     cheibrodos_two_vegetables, layout_long_grid, serial_shops, shop,
          minmay_the_grid_2x2 [minmay_the_grid_spin_star, minmay_the_grid_paths,
          minmay_the_grid_dragon_b, minmay_the_grid_prize_diamond_cup]
D:11:     layout_loops_ring, nicolae_ru_awakened_eye, uniq_snorg, uniq_fannar
D:12:     layout_basic, uniq_sonja, uniq_nessos, uniq_psyche
D:13:     minmay_firetagon, layout_basic, enter_bailey_3
D:14:     layout_layer_cave, david_vaults_3, uniq_louise, uniq_kirke,
          uniq_roxanne
D:15:     hangedman_depths_entry_try_elsewhere_first, layout_basic,
          ebering_ghost_rock_garden, special_room [special_room_orc],
          basic_altar, minmay_misc_feat_diagonals, serial_shops, shop,
          lemuel_tele_altar
Lair:1:   layout_long_grid, lemuel_fruit_fields
Lair:2:   layout_loops_ring, dummy_spider_entry, gammafunk_ghost_split,
          minivault_24, nicolae_quartered_pool_little
Lair:3:   layout_loops_ring, nicolae_swamp_entry_splash_gauntlet,
          lemuel_fruit_fields, lemuel_fruit_tree, grunt_megastairs_2,
          infiniplex_staircase_pool_2
Lair:4:   layout_gridlike, beast_lair_carwin_2
Lair:5:   layout_gridlike, slime_altar_2, forest_entry_grove,
          minmay_lair_oklob_chamber
Lair:6:   cheibrodos_lair_end_hotspot, layout_regular_city, minivault_19
Swamp:1:  layout_falls_marsh, serial_swamp_ruin, evilmike_swamp_ruin_house_1,
          evilmike_swamp_ruin_house_4, evilmike_swamp_ruin_rubble_2
Swamp:2:  layout_basic_swamp, evilmike_swamp_ruin_house_5, swamp_pool1,
          nicolae_swamp_fairy_circle, uniq_frances
Swamp:3:  layout_falls_marsh, evilmike_swamp_ruin_house_3
Swamp:4:  swamp, layout_basic_swamp, swamp_pool5, nicolae_swamp_dense_foliage
Orc:1:    layout_caves, uniq_nergalle
Orc:2:    grunt_orc_cross, layout_caves, minmay_orc_temple_a

Notes
Turn   | Place    | Note
-------+----------+-------------------------------------------
     0 | D:1      | Craser22 the Minotaur Berserker began the quest for the
                  | Orb.
     0 | D:1      | Reached XP level 1. HP: 19/19 MP: 0/0
    60 | D:1      | Reached skill level 4 in Axes
   210 | D:1      | Reached XP level 2. HP: 21/26 MP: 1/1
   887 | D:2      | Reached skill level 5 in Axes
   937 | D:2      | Reached XP level 3. HP: 27/31 MP: 2/2
   965 | D:2      | Reached ** piety under Trog
  1439 | D:2      | Reached skill level 6 in Axes
  1439 | D:2      | Reached XP level 4. HP: 34/39 MP: 3/3
  1671 | D:3      | Reached skill level 7 in Axes
  1671 | D:3      | Reached XP level 5. HP: 25/45 MP: 4/4
  1775 | D:3      | Reached *** piety under Trog
  2007 | D:3      | Found a stormy altar of Qazlal.
  2458 | D:4      | Noticed an ice beast
  2604 | D:4      | Noticed Duvessa
  2604 | D:4      | Noticed Dowan
  2610 | D:4      | Killed Duvessa
  2610 | D:4      | Reached skill level 8 in Axes
  2610 | D:4      | Reached XP level 6. HP: 51/51 MP: 5/5
  2612 | D:4      | Killed Dowan
  2691 | D:4      | Reached skill level 9 in Axes
  2700 | D:4      | Killed an ice beast
  2782 | D:4      | Reached XP level 7. HP: 48/57 MP: 6/6
  2866 | D:4      | Found a staircase to the Ecumenical Temple.
  2932 | D:4      | Found Odaruah's Distillery.
  2935 | D:4      | Bought a potion of heal wounds for 50 gold pieces
  2935 | D:4      | Bought a potion of mutation for 80 gold pieces
  2935 | D:4      | Bought a potion of degeneration for 10 gold pieces
  2935 | D:4      | Bought a potion of heal wounds for 50 gold pieces
  3091 | D:4      | Noticed Edmund
  3096 | D:4      | Killed Edmund
  3096 | D:4      | Reached skill level 10 in Axes
  3343 | D:4      | Found a burning altar of Makhleb.
  3345 | D:4      | Found a blossoming altar of Fedhas.
  3446 | D:4      | Identified a potion of resistance
  3486 | D:5      | Entered Level 5 of the Dungeon
  3600 | D:5      | Found a sand-covered staircase.
  3605 | Ossuary  | Entered an ossuary
  3687 | Ossuary  | Reached **** piety under Trog
  3708 | Ossuary  | Reached skill level 11 in Axes
  4036 | Ossuary  | Reached XP level 8. HP: 63/64 MP: 7/7
  4143 | Ossuary  | Reached skill level 12 in Axes
  4253 | D:5      | Found Anwupnas's Armour Emporium.
  5059 | D:6      | Reached ***** piety under Trog
  5068 | D:6      | Reached skill level 13 in Axes
  5086 | D:6      | Received a gift from Trog
  6052 | D:6      | Found a sparkling altar of Nemelex Xobeh.
  6312 | D:7      | Reached XP level 9. HP: 70/70 MP: 8/8
  6341 | D:7      | Found Bulaedost's Distillery.
  6343 | D:7      | Reached skill level 14 in Axes
  6379 | D:7      | Noticed Harold
  6399 | D:7      | Killed Harold
  6399 | D:7      | Reached skill level 15 in Axes
  6655 | D:7      | Got a jewelled scale mail
  6687 | D:7      | Reached skill level 16 in Axes
  6722 | D:7      | Reached XP level 10. HP: 50/77 MP: 9/9
  6967 | D:7      | Bought a potion of curing for 33 gold pieces
  7595 | D:8      | Reached skill level 17 in Axes
  7799 | D:8      | Found a glowing golden altar of the Shining One.
  7842 | D:8      | Found an iron altar of Okawaru.
  8404 | D:8      | Found a white marble altar of Elyvilon.
  8404 | D:8      | Found a glowing silver altar of Zin.
  8404 | D:8      | Found an opulent altar of Gozag.
  8408 | D:8      | Found a bloodstained altar of Trog.
  8633 | D:9      | Found a staircase to the Lair.
  8836 | D:9      | Found a staircase to the Orcish Mines.
  9160 | D:9      | Noticed a two-headed ogre
  9166 | D:9      | Killed a two-headed ogre
  9166 | D:9      | Reached skill level 18 in Axes
  9926 | D:10     | Entered Level 10 of the Dungeon
  9926 | D:10     | Found Okleneux's Jewellery Shoppe.
 10039 | D:10     | Found the +6 shillelagh "Devastator" {shatter}
 10100 | D:10     | Reached XP level 11. HP: 58/82 MP: 10/10
 10291 | D:10     | Noticed a fire dragon
 10309 | D:10     | Killed a fire dragon
 10309 | D:10     | Reached skill level 19 in Axes
 10606 | D:10     | Noticed a flayed ghost
 10607 | D:10     | Noticed a wolf spider
 10608 | D:10     | Found the ring of Robustness {AC+8}
 10613 | D:10     | Killed a wolf spider
 10619 | D:10     | Killed a flayed ghost
 10629 | D:10     | HP: 8/82 [poisoned by a wolf spider]
 10634 | D:10     | HP: 6/82 [poisoned by a wolf spider]
 10641 | D:10     | HP: 6/82 [poisoned by a wolf spider]
 10646 | D:10     | HP: 5/82 [poisoned by a wolf spider]
 11001 | D:10     | Got a warped chain mail
 11304 | D:10     | Noticed a wizard
 11312 | D:10     | Killed a wizard
 11692 | D:5      | Bought the +1 plate armour "Qinos" {*Contam Regen+ Str+4
                  | Slay+2} for 508 gold pieces
 11692 | D:5      | Bought a +0 hat for 44 gold pieces
 11780 | Lair:1   | Entered Level 1 of the Lair of Beasts
 12016 | Lair:1   | Reached skill level 20 in Axes
 12020 | Lair:1   | Reached skill level 4 in Fighting
 12168 | Lair:1   | Reached skill level 3 in Armour
 12517 | Lair:2   | Found a hole to the Spider Nest.
 12549 | Lair:2   | Found a runed translucent gate.
 12550 | Lair:2   | Found a runed translucent gate.
 12551 | Lair:2   | Found a runed translucent gate.
 12551 | Lair:2   | Noticed Dasij's ghost (journeyman VSMo)
 12682 | Lair:2   | Reached skill level 4 in Armour
 12913 | Lair:2   | Reached skill level 5 in Fighting
 13163 | Lair:2   | Reached skill level 5 in Armour
 13167 | Lair:2   | Reached skill level 6 in Fighting
 13219 | Lair:2   | Killed Dasij's ghost
 13285 | Lair:3   | Reached skill level 6 in Armour
 13294 | Lair:3   | Received a gift from Trog
 13295 | Lair:3   | Reached XP level 12. HP: 94/97 MP: 7/11
 13296 | Lair:3   | Reached skill level 7 in Fighting
 13393 | Lair:3   | Reached skill level 7 in Armour
 13412 | Lair:3   | Noticed a seven-headed hydra
 13418 | Lair:3   | Killed a nine-headed hydra
 13418 | Lair:3   | Reached skill level 8 in Fighting
 13792 | Lair:3   | Found a staircase to the Swamp.
 14123 | Lair:4   | Noticed a death yak
 14143 | Lair:4   | Killed a death yak
 14231 | Lair:4   | Reached skill level 21 in Axes
 15071 | Lair:5   | Received a gift from Trog
 15144 | Lair:5   | Found a runed translucent door.
 15152 | Lair:5   | Found a viscous altar of Jiyva.
 15152 | Lair:5   | Noticed an acid blob
 15153 | Lair:5   | Noticed an acid blob
 15154 | Lair:5   | Found a staircase to the Slime Pits.
 15154 | Lair:5   | Noticed an acid blob
 15227 | Lair:6   | Entered Level 6 of the Lair of Beasts
 15228 | Lair:6   | Noticed a five-headed hydra
 15241 | Lair:6   | Killed a nine-headed hydra
 15241 | Lair:6   | Reached XP level 13. HP: 61/107 MP: 6/12
 15402 | Lair:6   | Reached skill level 22 in Axes
 15655 | Lair:6   | Found the +9 staff of Olgreb {rPois}
 15903 | Lair:6   | Reached skill level 23 in Axes
 15905 | Lair:6   | Found a large runed translucent door.
 15905 | Lair:6   | Noticed a fire dragon
 15906 | Lair:6   | Found a large runed translucent door.
 16037 | Lair:6   | Reached ****** piety under Trog
 16472 | Lair:6   | Killed a fire dragon
 16472 | Lair:6   | Identified +0 fire dragon scales
 16962 | Lair:5   | Reached skill level 24 in Axes
 17511 | Orc:1    | Entered Level 1 of the Orcish Mines
 17513 | Orc:1    | Reached XP level 14. HP: 115/115 MP: 13/13
 17566 | Orc:1    | Received a gift from Trog
 17665 | Orc:1    | Noticed Nergalle
 17698 | Orc:1    | Killed Nergalle
 17735 | Orc:1    | Noticed an orc warlord
 17773 | Orc:1    | Killed an orc warlord
 17817 | Orc:1    | Upgraded the game from 0.24-a0-459-g225fefd530 to
                  | 0.24-a0-462-ge24419a6ad
 18248 | Orc:2    | Entered Level 2 of the Orcish Mines
 18347 | Orc:2    | Received a gift from Trog
 18347 | Orc:2    | Found a staircase to the Elven Halls.
 18716 | Orc:2    | Noticed Blork the orc
 18730 | Orc:2    | Killed Blork the orc
 18810 | Orc:2    | Noticed an orc warlord
 18839 | Orc:2    | Found a roughly hewn altar of Beogh.
 19117 | Orc:2    | Reached skill level 25 in Axes
 19126 | Orc:2    | HP: 9/115 [orc warlord/+0 dire flail (15)]
 19132 | Orc:1    | Killed an orc warlord
 19502 | Orc:2    | Received a gift from Trog
 19601 | Orc:2    | Identified a +1 robe of the Archmagi
 19752 | Orc:2    | Found a roughly hewn altar of Beogh.
 19809 | Orc:2    | Found Kuoji's Antique Weapon Emporium.
 19824 | Orc:2    | Found Vyqeq Idunna's Jewellery Emporium.
 19840 | Orc:2    | Found Tagim's General Store.
 19847 | Orc:2    | Bought a scroll of magic mapping for 38 gold pieces
 19856 | Orc:2    | Found Zuan's Antique Armour Emporium.
 20086 | Orc:2    | Bought an uncursed ring of poison resistance for 240 gold
                  | pieces
 20086 | Orc:2    | Bought the amulet "Caawecis" {Reflect MR+ SH+3} for 339
                  | gold pieces
 20156 | D:11     | Noticed Snorg
 20187 | D:11     | Killed Snorg
 20305 | D:11     | Found a sacrificial altar of Ru.
 20456 | D:11     | Noticed Fannar
 20464 | D:11     | Killed Fannar
 20924 | D:12     | Noticed Psyche
 20932 | D:12     | Killed Psyche
 21059 | D:12     | Noticed Nessos
 21065 | D:12     | Killed Nessos
 21226 | D:12     | Reached skill level 26 in Axes
 21347 | D:12     | Reached skill level 8 in Armour
 21399 | D:12     | Received a gift from Trog
 21407 | D:12     | Reached XP level 15. HP: 112/123 MP: 14/14
 21491 | D:12     | Reached skill level 9 in Fighting
 21636 | D:12     | Noticed Sonja
 21712 | D:12     | Killed Sonja
 22020 | D:13     | Reached skill level 9 in Armour
 22082 | D:13     | Identified +0 acid dragon scales
 22086 | D:13     | Found a flagged portal.
 22098 | Bailey   | Entered a bailey
 22278 | Bailey   | Received a gift from Trog
 22414 | Bailey   | Noticed an orc warlord
 22436 | Bailey   | Killed an orc warlord
 22436 | Bailey   | Reached skill level 10 in Fighting
 22753 | D:13     | Reached skill level 10 in Armour
 22997 | D:13     | Found the +7 great mace "Firestarter" {inner flame, rF++}
 23153 | D:13     | Received a gift from Trog
 23153 | D:13     | Reached skill level 3 in Dodging
 23531 | D:14     | Found a gate to the Vaults.
 23531 | D:14     | Noticed Urug
 23542 | D:14     | Killed Urug
 23552 | D:14     | Reached skill level 4 in Dodging
 23715 | D:14     | Noticed Louise
 23725 | D:14     | Killed Louise
 23780 | D:14     | Noticed Kirke
 23798 | D:13     | Identified a potion of experience
 23798 | D:13     | Reached skill level 12 in Fighting
 23798 | D:13     | Reached XP level 16. HP: 68/141 MP: 15/15
 23993 | D:14     | Killed Kirke
 23993 | D:14     | Reached skill level 11 in Armour
 24002 | D:14     | Noticed Roxanne
 24013 | D:14     | Reached skill level 5 in Dodging
 24536 | D:14     | Killed Roxanne
 24633 | D:15     | Entered Level 15 of the Dungeon
 24705 | D:15     | Found a shattered altar of Ashenzari.
 24821 | D:15     | Reached skill level 13 in Fighting
 24836 | D:15     | Reached skill level 6 in Dodging
 24858 | D:15     | Found a sparkling altar of Nemelex Xobeh.
 24898 | D:15     | Got a smoking glass ring
 24975 | D:15     | Found a staircase to the Depths.
 24979 | D:15     | Received a gift from Trog
 25128 | D:15     | Found Xaxiutt's General Store.
 25139 | D:15     | Bought a potion of heal wounds for 70 gold pieces
 25139 | D:15     | Bought a potion of curing for 42 gold pieces
 25139 | D:15     | Bought a scroll of magic mapping for 49 gold pieces
 25144 | D:15     | Identified the ring "Yfemil" {rPois MR+} (You found it on
                  | level 15 of the Dungeon)
 25162 | D:15     | Found a runed translucent gate.
 25162 | D:15     | Found a runed translucent gate.
 25162 | D:15     | Found a runed translucent gate.
 25162 | D:15     | Noticed hemabe's ghost (adept HuAr)
 25584 | D:15     | Found Xaxiutt's General Store.
 25700 | D:15     | Killed hemabe's ghost
 25700 | D:15     | Reached skill level 12 in Armour
 26148 | Swamp:1  | Entered Level 1 of the Swamp
 26282 | Swamp:1  | Reached XP level 17. HP: 150/150 MP: 16/16
 26317 | Swamp:1  | Reached skill level 7 in Dodging
 26871 | Swamp:1  | Got a faintly glowing war axe
 27068 | Swamp:2  | Noticed Frances
 27171 | Swamp:2  | Banished Frances
 27171 | Swamp:2  | Reached skill level 14 in Fighting
 27171 | Swamp:2  | Reached skill level 8 in Dodging
 27853 | Swamp:3  | Received a gift from Trog
 27915 | Swamp:3  | Reached skill level 13 in Armour
 28551 | Swamp:4  | Entered Level 4 of the Swamp
 28679 | Swamp:4  | Noticed the 27-headed Lernaean hydra
 28698 | Swamp:3  | Reached skill level 9 in Dodging
 28703 | Swamp:3  | HP: 16/231 [the 27-headed Lernaean hydra (10)]
 28703 | Swamp:3  | HP: 5/231 [the 27-headed Lernaean hydra (6)]
 28703 | Swamp:3  | Mangled by the 27-headed Lernaean hydra

Vanquished Creatures
  Kirke (D:14)
  The ghost of hemabe the Covert, an adept HuAr of Trog (D:15)
  Roxanne (D:14)
  An emperor scorpion (D:15)
  3 orc warlords
  Louise (D:14)
  A dire elephant (D:15)
  Snorg (D:11)
  3 fire dragons
  Fannar (D:11)
  An ogre mage (D:15)
  Harold (D:7)
  6 hydras
  A catoblepas (D:14)
  8 alligators
  A tengu warrior (D:13)
  A centaur warrior (D:14)
  8 two-headed ogres
  A death yak (Lair:4)
  The ghost of Dasij the Grappler, a journeyman VSMo of Elyvilon (Lair:2)
  2 orc high priests
  Urug (D:14)
  Sonja (D:12)
  Nergalle (Orc:1)
  2 skeletal warriors (D:12)
  A flayed ghost (D:10)
  3 unseen horrors
  2 spriggan druids (Swamp:3)
  7 orc knights
  2 swamp dragons
  A wizard (D:10)
  2 cyclopes
  3 deep elf magi
  3 orc sorcerers
  A wolf spider (D:10)
  2 manticores
  5 ugly things
  Psyche (D:12)
  4 elephants
  9 black mambas
  2 molten gargoyles (Lair:6)
  A gargoyle (D:13)
  14 spiny frogs
  A kobold demonologist (D:15)
  A rime drake (Lair:3)
  6 komodo dragons (Lair:6)
  2 polar bears
  7 trolls
  2 hornets
  16 slime creatures
  9 tyrant leeches
  8 dream sheep
  4 bog bodies
  A raiju (shapeshifter) (D:13)
  13 blink frogs
  A hippogriff (shapeshifter) (D:10)
  11 hippogriffs
  5 shadows
  3 spriggans
  15 humans (D:14)
  55 yaks
  2 wraiths
  3 hogs
  8 wyverns
  7 fire bats (D:13)
  5 basilisks
  A fire elemental (Lair:5)
  2 steam dragons
  14 vampire mosquitoes
  4 wargs
  8 insubstantial wisps
  2 hungry ghosts
  13 swamp worms
  A soldier ant (D:12)
  An acid dragon (D:13)
  Duvessa (D:4)
  Edmund (D:4)
  10 porcupines
  4 hell hounds (Lair:6)
  9 water moccasins
  8 swamp drakes
  3 sky beasts
  59 orc warriors
  5 black bears
  6 ice beasts
  A phantom (D:7)
  10 ogres
  A boggart (D:14)
  21 wolves
  7 centaurs
  18 crocodiles
  3 elf zombies
  7 big kobolds
  An elf skeleton (D:5)
  17 bullfrogs
  Blork the orc (Orc:2)
  Dowan (D:4)
  4 scorpions
  A wyvern skeleton (D:13)
  21 killer bees
  10 wights
  4 electric eels
  3 howler monkeys
  7 crimson imps
  2 bullfrog zombies
  3 lava snakes (Lair:6)
  A quasit (D:11)
  6 centaur zombies
  3 human zombies
  5 jellies
  A gnoll shaman (D:7)
  22 orc priests
  33 orc wizards
  3 iguanas
  5 centaur skeletons
  2 human skeletons (D:5)
  10 worker ants
  A hell rat (Lair:2)
  A hound zombie (Ossuary)
  A hound skeleton (D:6)
  3 mummies (Ossuary)
  A worker ant zombie (D:9)
  A howler monkey skeleton (D:8)
  28 gnolls
  7 adders
  A river rat (D:5)
  2 shadow imps
  2 oozes
  5 adder zombies (Ossuary)
  An adder skeleton (D:4)
  4 worms
  2 dart slugs
  2 leopard geckos
  153 orcs
  A ball python (D:2)
  13 giant cockroaches
  29 goblins
  22 hobgoblins
  10 jackals
  8 quokkas
  4 bats
  4 goblin zombies (Ossuary)
  4 hobgoblin zombies (Ossuary)
  3 jackal zombies (Ossuary)
  25 kobolds
  6 kobold zombies (Ossuary)
  An orc skeleton (D:5)
  An orc zombie (Ossuary)
  2 quokka skeletons (D:4)
  3 quokka zombies
  7 rats
  2 rat zombies (Ossuary)
  A butterfly (Lair:1)
  10 fungi
  4 plants
1059 creatures vanquished.

Vanquished Creatures (others)
  Nessos (D:12)
  A fire dragon (D:13)
  3 hydras
  3 orc high priests
  A skeletal warrior (D:12)
  A swamp dragon (Swamp:4)
  A lindwurm (Lair:6)
  2 ugly things
  2 elephants (Lair:6)
  A black mamba (Lair:6)
  A komodo dragon (Lair:4)
  A freezing wraith (D:15)
  An efreet (D:13)
  A tengu conjurer (D:13)
  A troll (D:15)
  A tyrant leech (Swamp:2)
  A hornet (Swamp:4)
  2 hippogriffs
  A bog body (Lair:3)
  A yak (D:12)
  A basilisk (D:15)
  A human (D:14)
  2 vampire mosquitoes
  A swamp worm (Swamp:3)
  An acid dragon (D:12)
  A swamp drake (Swamp:1)
  4 orc warriors
  A wolf (Lair:6)
  An ogre (D:15)
  A crocodile (Lair:4)
  A bullfrog (Lair:4)
  An orc wizard (Orc:1)
  2 orcs (Orc:2)
  9 fungi
  8 plants
62 creatures vanquished.

Grand Total: 1121 creatures vanquished
